 Dungeon Crawl Stone Soup version 0.30-a0-777-ga9a30cbeda (webtiles) character file.

Game seed: 2082539845548658672

21378 jimonade the Cruncher (level 13, -1/96 HPs)
             Began as a Formicid Fighter on Feb 14, 2023.
             Was a High Priest of Okawaru.
             Slain by a komodo dragon (2 damage)
             ... on level 2 of the Lair of Beasts.
             The game lasted 00:35:26 (11900 turns).

jimonade the Cruncher (Formicid Fighter)           Turns: 11900, Time: 00:35:26

Health: -1/96      AC: 23    Str: 23    XL:     13   Next: 19%
Magic:  0/24       EV:  7    Int: 11    God:    Okawaru [*****.]
Gold:   756        SH: 11    Dex: 18    Spells: 27/27 levels left

rFire   + . .      SeeInvis +    n - +3 lajatang (speed)
rCold   + . .      Faith    .    Z - +0 kite shield of Zaestruru {Dex+5}
rNeg    . . .      Spirit   +    V - +2 plate armour {rF+}
rPois   .          Reflect  .    (helmet unavailable)
rElec   .          Harm     .    (no cloak)
rCorr   .          Rampage  +    J - +2 pair of gloves of the New World {Rampage rC+ Will++}
Will    +++..                    z - +0 pair of boots Stlth
                                 i - amulet of guardian spirit
HPRegen 0.36/turn                j - +4 ring of protection
MPRegen 0.19/turn                r - +4 ring of slaying

@: mighty, studying Ranged Weapons
A: permanent stasis, dig shafts and tunnels, antennae 3, four strong arms
a: Dig, Shaft Self, Renounce Religion, Heroism, Finesse, Duel


You were on level 2 of the Lair of Beasts.
You worshipped Okawaru.
Okawaru was extremely pleased with you.
You visited 3 branches of the dungeon, and saw 14 of its levels.
You also visited: Bailey.

You collected 756 gold pieces.

Inventory:

Hand Weapons
 a - a +5 scythe
 n - a +3 lajatang of speed (weapon)
 I - a +0 giant club
Missiles
 k - 21 boomerangs
 v - 5 javelins
 y - 88 stones
 B - 73 poisoned darts
 H - 2 throwing nets
 M - 8 atropa-tipped darts
 N - 3 curare-tipped darts
Armour
 c - a +1 buckler
 z - a +0 pair of boots (worn)
 J - the +2 pair of gloves of the New World (worn) {Rampage rC+ Will++}
   (You found it on level 6 of the Dungeon)

   rC:        It protects you from cold.
   Rampage:   It bestows one free step when moving towards enemies.
   Will:      It greatly increases your willpower.
 K - quicksilver dragon scales
 V - a +2 plate armour of fire resistance (worn)
 X - a +0 pair of gloves
 Z - the +0 kite shield of Zaestruru (worn) {Dex+5}
   (Okawaru gifted it to you on level 10 of the Dungeon)

   Dex:       It affects your dexterity (+5).
Magical Staves
 e - a staff of poison
 L - a staff of earth
Jewellery
 f - a ring of poison resistance
 i - an amulet of guardian spirit (around neck)
 j - a +4 ring of protection (left hand)
 l - a +6 ring of intelligence
 m - a ring of ice
 o - a ring of magical power
 r - a +4 ring of slaying (right hand)
 t - a ring of fire
 u - a ring of protection from cold
 W - a ring of resist corrosion
Wands
 q - a wand of polymorph (3)
 s - a wand of acid (25)
 x - a wand of iceblast (8)
 D - a wand of mindburst (9)
 O - a wand of digging (2)
 T - a wand of flame (29)
Scrolls
 p - 8 scrolls of magic mapping
 A - a scroll of enchant weapon
 C - 4 scrolls of enchant armour
 Q - 2 scrolls of identify
 R - 4 scrolls of fear
 S - a scroll of summoning {unknown}
 U - a scroll of amnesia
Potions
 b - 3 potions of curing
 d - 2 potions of might
 g - 4 potions of flight
 w - 2 potions of lignification
 E - a potion of cancellation
 F - a potion of attraction {unknown}
 G - a potion of ambrosia
 P - a potion of invisibility {unknown}


   Skills:
 + Level 7.5 Fighting
 - Level 9.8(12.4) Polearms
 * Level 12.1(13.5) Staves
 + Level 6.8 Armour
 + Level 3.0 Dodging
 + Level 1.4 Stealth
 + Level 6.5 Shields
 * Level 7.8 Spellcasting
 * Level 1.5 Hexes
 * Level 8.5 Invocations


You had 27 spell levels left.
You didn't know any spells.
Your spell library contained the following spells:

 Spells                   Type           Power      Damage    Failure   Level
 Slow                     Hex            28%        N/A       96%         1
 Magic Dart               Conj           16%        1d3       99%         1
 Sandblast                Erth           8%         2d5       99%         1
 Ensorcelled Hibernation  Hex/Ice        10%        N/A       99%         2
 Passwall                 Tmut/Erth      3%         N/A       100%        2
 Confusing Touch          Hex            7%         N/A       100%        3
 Dazzling Flash           Conj/Hex       10%        N/A       100%        3
 Ignite Poison            Fire/Tmut/Pois 4%         N/A       100%        3
 Kindle Blastsparks       Fire/Tloc/Air  8%         2d10      100%        3
 Mephitic Cloud           Conj/Pois/Air  4%         N/A       100%        3
 Stone Arrow              Conj/Erth      8%         3d7       100%        3
 Vampiric Draining        Necr           4%         2d6       100%        3
 Cause Fear               Hex            3%         N/A       100%        4
 Iskenderun's Mystic Bla  Conj/Tloc      4%         2d3       100%        4
 Freezing Cloud           Conj/Ice/Air   2%         6-21      100%        5
 Starburst                Conj/Fire      2%         6d3       100%        6
 Dragon Form              Tmut           2%         N/A       100%        7
 Call Imp                 Summ           Unusable   N/A       N/A         2
 Swiftness                Air            Unusable   N/A       N/A         3
 Summon Hydra             Summ           Unusable   N/A       N/A         7
 Dragon's Call            Summ           Unusable   N/A       N/A         9

Dungeon Overview and Level Annotations

Branches:
Dungeon (11/15)            Temple (1/1) D:4            Lair (2/5) D:11
    Orc (0/2) D:11         Bailey (visited)
  Swamp: Lair:2-3    Shoals: Lair:2-3     Snake: Lair:2-3    Spider: Lair:2-3

Altars:
Ashenzari
Cheibriados
Dithmenos
Elyvilon
Fedhas
Gozag
Hepliaklqana
Kikubaaqudgha
Makhleb
Nemelex Xobeh
Okawaru
Qazlal
Sif Muna
Uskayaw
Vehumet
Wu Jian
Xom
Yredelemnul
Zin
The Shining One

Shops:
D:5 !([?[   D:6 *   D:8 !   D:10 *

Annotations:
D:6 2 runed translucent doors


Innate Abilities, Weirdness & Mutations

You cannot be hasted, slowed, berserked, paralysed or teleported.
You can dig through walls and to a lower floor.
You have a pair of large antennae on your head. (SInv)
Your four strong arms can wield two-handed weapons with a shield.


Message History

The komodo dragon bites you but does no damage.
You block the komodo dragon's attack.
Okay, then.
Unknown command.
You hit the komodo dragon.
The komodo dragon is lightly wounded.
You block the komodo dragon's attack.
You slash the komodo dragon!
The komodo dragon is heavily wounded.
The komodo dragon bites you but does no damage.
You completely miss the komodo dragon.
The komodo dragon is heavily wounded.
The komodo dragon bites you!
* * * LOW HITPOINT WARNING * * *
You slice the komodo dragon!!
You kill the komodo dragon!
Okawaru accepts your kill.
You barely miss the seven-headed hydra.
The swamp worm fires a harpoon shot at you.
The harpoon shot hits you but does no damage.
The komodo dragon barely misses you.
You hack one of the seven-headed hydra's heads off!
The six-headed hydra grows two more!
You slice the eight-headed hydra!!
The eight-headed hydra is moderately wounded.
The eight-headed hydra bites you.
* * * LOW HITPOINT WARNING * * *
You block the eight-headed hydra's attack.
The eight-headed hydra bites you but does no damage.
You block the eight-headed hydra's attack.
The eight-headed hydra bites you.
* * * LOW HITPOINT WARNING * * *
The eight-headed hydra closely misses you.
The eight-headed hydra bites you but does no damage.
The eight-headed hydra bites you.
* * * LOW HITPOINT WARNING * * *
You chop one of the eight-headed hydra's heads off!
The seven-headed hydra grows two more!
You slice the nine-headed hydra!!
The nine-headed hydra is heavily wounded.
The komodo dragon bites you.
You die...

......... .....≈≈≈≈§
.P......## .....≈≈≈≈≈.. .
#....... ##.#..≈≈≈≈≈.#
...##......###.#..§§≈≈§≈.#
.#.#..............§.≈≈≈§..#
....................§≈§≈§§.
.........Dw.........≈≈§≈≈§.
........wl@..........≈≈§§§≈
.........###.#P###...≈§§≈≈§
....##♣..# ♣♣##♣♣.#...§§≈≈§
.. ♣♣l.♣♣♣♣♣♣♣.#....§§≈≈§
♣...~~~~≈≈♣.##.....≈≈≈
♣♣≈~≈~~~≈≈♣..'........
♣♣~≈~≈≈~≈♣♣##........
♣...≈~~≈♣♣#♣#<..P....
♣♣..w♣♣♣♣.......##..#


You could see a nine-headed hydra, a komodo dragon and 2 swamp worms.

Vanquished Creatures
  Fannar (D:11)
  2 two-headed ogres (D:8)
  The ghost of ders the Destroyer, a journeyman GrEE of Vehumet (Lair:1)
  A skyshark (Lair:1)
  3 ugly things
  A black mamba (Lair:1)
  A gargoyle (D:7)
  4 cane toads (Lair:1)
  2 rime drakes (Lair:1)
  An unseen horror (D:7)
  A kobold demonologist (D:11)
  A komodo dragon (Lair:2)
  A polar bear (Lair:1)
  2 trolls (D:10)
  2 hornets
  3 wyverns
  2 shadows (D:11)
  Sigmund (D:2)
  33 yaks
  A basilisk (Lair:1)
  2 steam dragons
  An acid dragon (D:11)
  3 swamp worms
  6 water moccasins
  4 black bears
  7 orc warriors
  4 sky beasts
  4 ogres
  9 centaurs
  4 phantoms
  10 kobold brigands
  4 bullfrogs
  2 necrophages
  4 scorpions
  6 wights
  12 killer bees
  An electric eel (D:7)
  A howler monkey (D:9)
  6 hounds
  4 jellies
  7 orc priests
  2 gnoll boudas
  6 iguanas
  8 orc wizards
  7 adders
  17 gnolls
  4 shadow imps
  3 white imps
  An ufetubus (D:6)
  3 worms
  4 dart slugs
  35 orcs
  8 bats
  8 endoplasms
  4 giant cockroaches
  7 goblins
  10 hobgoblins
  5 quokkas
  6 ball pythons
  3 frilled lizards
  35 kobolds
  8 rats
349 creatures vanquished.

Vanquished Creatures (others)
  3 fungi (Lair:1)
  27 plants
30 creatures vanquished.

Grand Total: 379 creatures vanquished

Notes
Turn   | Place    | Note
-------+----------+-------------------------------------------
     0 | D:1      | jimonade the Formicid Fighter began the quest for the Orb.
     0 | D:1      | Reached XP level 1. HP: 18/18 MP: 1/1
    85 | D:1      | Reached XP level 2. HP: 24/24 MP: 2/2
   263 | D:1      | Reached XP level 3. HP: 29/29 MP: 3/3
   404 | D:1      | You fall into a shaft and drop 1 floor!
   420 | D:2      | Found a glowing golden altar of the Shining One.
   558 | D:2      | Noticed Sigmund
   576 | D:2      | Reached skill level 1 in Dodging
   576 | D:2      | Reached XP level 4. HP: 25/37 MP: 2/4
  1324 | D:2      | Killed Sigmund
  1325 | D:2      | Reached skill level 1 in Spellcasting
  1325 | D:2      | Reached skill level 1 in Invocations
  1325 | D:2      | Reached XP level 5. HP: 25/42 MP: 6/6
  1325 | D:2      | Reached XP level 6. HP: 29/48 MP: 7/7
  2441 | D:4      | Reached XP level 7. HP: 39/53 MP: 5/9
  2650 | D:4      | Reached skill level 5 in Polearms
  3073 | D:4      | Found a staircase to the Ecumenical Temple.
  3082 | Temple   | Entered the Ecumenical Temple
  3208 | Temple   | Became a worshipper of Warmaster Okawaru
  3370 | D:5      | Entered Level 5 of the Dungeon
  3406 | D:5      | Noticed a water moccasin
  3418 | D:5      | Killed a water moccasin
  3476 | D:5      | Reached skill level 5 in Shields
  3476 | D:5      | Reached XP level 8. HP: 51/60 MP: 7/11
  3491 | D:5      | Reached * piety under Okawaru
  3708 | D:5      | Found a sparkling altar of Nemelex Xobeh.
  3793 | D:5      | Found Gummibur's Antique Armour Shoppe.
  4061 | D:5      | Found Huytrol's Antique Armour Boutique.
  4137 | D:5      | Found Cofoplou's Magic Scroll Shop.
  4207 | D:5      | Found Qacwuiv's Distillery.
  4241 | D:5      | Found Huwn's Antique Weapon Shoppe.
  4357 | D:5      | Reached XP level 9. HP: 60/66 MP: 11/14
  4429 | D:6      | Reached ** piety under Okawaru
  4543 | D:6      | Got the Handbook of Summoned Orientation
  4575 | D:6      | Found Coistr Covatt's Assorted Antiques.
  4784 | D:6      | Found a large runed translucent door.
  4791 | D:6      | Found a large runed translucent door.
  4929 | D:6      | Identified the +2 pair of gloves of the New World {Rampage
                  | rC+ Will++}
  5058 | D:6      | Found a hazy altar of Hepliaklqana.
  5467 | D:7      | Reached skill level 5 in Armour
  5508 | D:7      | Reached *** piety under Okawaru
  5509 | D:7      | Reached skill level 5 in Fighting
  5626 | D:7      | Reached XP level 10. HP: 24/73 MP: 3/16
  5899 | D:7      | Reached skill level 5 in Invocations
  5968 | D:7      | Reached skill level 5 in Spellcasting
  6075 | D:7      | Reached skill level 1 in Staves
  6241 | D:7      | Noticed an unseen horror
  6241 | D:7      | Noticed a green ugly thing
  6263 | D:7      | Killed an unseen horror
  6264 | D:7      | Reached skill level 2 in Staves
  6304 | D:7      | Noticed a gargoyle
  6321 | D:7      | Killed a green ugly thing
  6322 | D:7      | Reached skill level 3 in Staves
  6323 | D:7      | Reached **** piety under Okawaru
  6328 | D:7      | Killed a gargoyle
  6329 | D:7      | Reached skill level 4 in Staves
  6597 | D:8      | Found Ugooq's Distillery.
  6677 | D:8      | Found a flagged portal.
  6699 | Bailey   | Entered a bailey
  6864 | Bailey   | Reached skill level 5 in Staves
  6867 | Bailey   | Reached XP level 11. HP: 51/80 MP: 18/20
  6881 | Bailey   | HP: 4/80 [poisoned by a kobold]
  7069 | Bailey   | Found a burning altar of Makhleb.
  7279 | D:8      | Noticed a two-headed ogre
  7290 | D:8      | Killed a two-headed ogre
  7291 | D:8      | Reached skill level 6 in Staves
  7719 | D:8      | Noticed a two-headed ogre
  7725 | D:8      | Killed a two-headed ogre
  7726 | D:8      | Reached skill level 7 in Staves
  8437 | D:9      | Reached skill level 8 in Staves
  9227 | D:9      | Reached skill level 9 in Staves
  9365 | D:10     | Entered Level 10 of the Dungeon
  9410 | D:10     | Reached ***** piety under Okawaru
  9411 | D:10     | Reached XP level 12. HP: 77/89 MP: 17/21
  9768 | D:10     | Found Sibu's Neck Hole.
  9844 | D:10     | Identified the +0 kite shield of Zaestruru {Dex+5} (Okawaru
                  | gifted it to you on level 10 of the Dungeon)
  9844 | D:10     | Received a gift from Okawaru
  9852 | D:10     | Reached skill level 10 in Staves
 10101 | D:11     | Noticed Fannar
 10112 | D:11     | Killed Fannar
 10119 | D:11     | Reached skill level 1 in Stealth
 10179 | D:11     | Reached skill level 11 in Staves
 10476 | D:11     | Identified the +4 battleaxe of the Enchanted Forest
                  | {freeze, Drain rCorr Dex+5}
 10754 | D:11     | Found a staircase to the Orcish Mines.
 10791 | D:11     | Found a staircase to the Lair.
 10867 | Lair:1   | Entered Level 1 of the Lair of Beasts
 11148 | Lair:1   | Noticed a skyshark
 11160 | Lair:1   | Killed a skyshark
 11213 | Lair:1   | Noticed ders's ghost (journeyman GrEE)
 11215 | Lair:1   | Found a runed translucent gate.
 11215 | Lair:1   | Found a runed translucent gate.
 11215 | Lair:1   | Found a runed translucent gate.
 11231 | Lair:1   | Reached XP level 13. HP: 96/96 MP: 24/24
 11778 | Lair:1   | Killed ders's ghost
 11785 | Lair:1   | Reached skill level 12 in Staves
 11788 | Lair:1   | Reached skill level 1 in Hexes
 11874 | Lair:2   | Noticed a seven-headed hydra
 11899 | Lair:2   | HP: 1/96 [eight-headed hydra (4)]
 11900 | Lair:2   | Slain by a komodo dragon

Illustrated notes

Levels and vault maps discovered:
D:1:      dpeg_arrival_more_subterranean_lakeside_camping, layout_loops_cross
D:2:      layout_rooms, basic_altar, uniq_sigmund
D:3:      layout_basic, serial_rivers, chequers_serial_rivers_micro_a,
          chequers_serial_rivers_marsh, chequers_serial_rivers_marsh,
          chequers_serial_rivers_micro_b
D:4:      layout_rooms, lemuel_temple_firewalk_a
D:5:      layout_basic, amcnicky_altar_gilded, serial_shops,
          nicolae_square_shop, shop, shop_statue, shop, shop, minmay_manual_mail
D:6:      layout_basic, nicolae_hepliaklqana_hazy_memory, jmf_multi_god_temple2,
          serial_shops, shop, grunt_ministairs_1
D:7:      nzn_winding_woodlands_three_and_one
          [nzn_winding_woodlands_5x15_default, nzn_winding_woodlands_5x15_twine,
          nzn_winding_woodlands_5x15_pathside_ponds,
          nzn_winding_woodlands_center_garden], layout_basic, st_stairs_8,
          minivault_14, worms_lemuel
D:8:      layout_loops_ring, serial_shops, nicolae_inconvenience_store,
          enter_bailey_7, roderic_lattice_a, chequers_serial_rivers_room_a
D:9:      layout_long_grid, grunt_ministairs_13, minmay_variable_closet,
          chequers_serial_rivers_room_a
D:10:     layout_rooms, nicolae_shop_sticking_my_neck_out
D:11:     nicolae_cairo_tiling_large_dashed, layout_loops_cross,
          grunt_lair_entry_orc_guard_hut, orc_0_dummy, uniq_fannar
Temple:   nicolae_temple_two_arcs
Lair:1:   layout_gridlike, gammafunk_ghost_split, minivault_25,
          infiniplex_staircase_pool
Lair:2:   layout_regular_city, palyth_hydra_swamp_entry,
          minmay_snake_entry_guardpost_small, minivault_11,
          minmay_lindwurm_lava, uniq_urug, uniq_sonja

Skill      XL: |  1  2  3  4  5  6  7  8  9 10 11 12 13 |
---------------+----------------------------------------+-----
Dodging        | 1 2 3 |  3.0
Polearms       | 3 4 5 7 9 |  9.8
Armour         | 4 5 6 |  6.8
Spellcasting   | 1 2 3 4 6 7 |  7.8
Invocations    | 1 2 3 4 6 8 |  8.5
Fighting       | 4 5 6 7 |  7.5
Shields        | 5 6 |  6.5
Staves         | 5 9 11 12 | 12.1
Stealth        | 1 |  1.4
Hexes          | 1 |  1.5

Action                     |  1- 3 |  4- 6 |  7- 9 | 10-12 | 13-15 || total
---------------------------+-------+-------+-------+-------+-------++-------
  Melee: Trident           |    97 |    33 |       |       |       ||   130
         Halberd           |       |    82 |   284 |    26 |       ||   392
         Lajatang          |       |       |       |   541 |    47 ||   588
 Invoke: Heroism           |       |       |     1 |    15 |     1 ||    17
         Finesse           |       |       |       |     1 |     1 ||     2
    Use: Scroll            |       |     6 |     5 |    11 |       ||    22
         Potion            |       |       |       |     2 |     3 ||     5
 Armour: Scale mail        |    36 |    35 |    17 |       |       ||    88
         Chain mail        |       |       |   107 |    12 |       ||   119
         Quicksilver drago |       |       |       |   112 |       ||   112
         Plate armour      |       |       |       |    14 |    37 ||    51
  Dodge: Dodged            |    28 |    34 |   111 |   155 |    11 ||   339
  Block: Buckler           |    27 |    20 |    70 |    76 |       ||   193
         Kite shield       |       |       |       |    52 |    30 ||    82

Table legend: (Time is in decaauts)
 A = Elapsed time spent in this place.
 B = Non-inter-level travel time spent in this place.
 C = Inter-level travel time spent in this place.
 D = Time resting spent in this place.
 E = Time spent auto-exploring this place.
 F = Levels seen in this place.
 G = Mean time per level.
                   A        B        C        D        E       F      G
               +--------+--------+--------+--------+--------+-----+--------+
         Total |  11732 |  10916 |    816 |   1077 |   7252 |  15 |  782.1 |
       Dungeon |  10160 |   9385 |    775 |    941 |   6259 |  11 |  923.6 |
        Temple |    136 |    114 |     22 |      0 |    106 |   1 |  136.0 |
          Lair |    986 |    967 |     19 |      0 |    797 |   2 |  493.0 |
        Bailey |    449 |    449 |      0 |    136 |     90 |   1 |  449.0 |
               +--------+--------+--------+--------+--------+-----+--------+

Top non-repeatable levels by time:
     D:7: 1180 daAuts
     D:1: 1116 daAuts
     D:8: 1114 daAuts
     D:9: 1067 daAuts
     D:6: 1035 daAuts
  Lair:1: 941 daAuts
     D:4: 928 daAuts
     D:5: 911 daAuts
     D:3: 803 daAuts
    D:11: 719 daAuts
    D:10: 672 daAuts
     D:2: 610 daAuts
  Bailey: 449 daAuts
  Temple: 136 daAuts
  Lair:2: 45 daAuts
